 Dungeon Crawl Stone Soup version 0.30-a0-568-g124715a40b (webtiles) character file.

Game seed: 5038498082149574219

20570 billz999 the Carver (level 13, -3/99 HPs)
             Began as a Djinni Ice Elementalist on Dec 29, 2022.
             Was an Elder of Makhleb.
             Slain by a seven-headed hydra (7 damage)
             ... on level 3 of the Lair of Beasts.
             The game lasted 00:45:13 (17808 turns).

billz999 the Carver (Djinni Ice Elementalist)      Turns: 17808, Time: 00:45:14

Health: -3/99      AC:  6    Str:  7    XL:     13   Next: 13%
Gold:   771        EV: 11    Int: 22    God:    Makhleb [****..] SH: 19 Dex: 20

rFire   + + .      SeeInvis +    d - +2 long sword (flame)
rCold   x . .      Faith    .    u - +2 kite shield {AC+3}
rNeg    . . .      Spirit   .    a - +0 robe
rPois   ∞          Reflect  +    k - +0 helmet
rElec   .          Harm     .    (no cloak)
rCorr   .          Rampage  .    (no gloves)
Will    +....                    (boots unavailable)
Stlth   ++                       t - amulet of reflection
HPRegen 0.36/turn                z - ring of see invisible
MPRegen 0.00/turn                E - +6 ring of dexterity

@: flying, slowed, very slow
A: sickness immunity, fire resistance 2, cold vulnerability 1, float, innate
caster, HP casting, extra vitality 1
a: Renounce Religion, Minor Destruction, Lesser Servant of Makhleb, Major
Destruction


You were on level 3 of the Lair of Beasts.
You worshipped Makhleb.
Makhleb was greatly pleased with you.
You visited 3 branches of the dungeon, and saw 14 of its levels.
You also visited: Bailey.

You collected 804 gold pieces.
You spent 33 gold pieces at shops.

Inventory:

Hand Weapons
 d - a +2 long sword of flaming (weapon)
Missiles
 f - 41 poisoned darts
 o - 5 throwing nets
Armour
 a - a +0 robe (worn)
 k - a +0 helmet (worn)
 u - a +2 kite shield of protection (worn)
Magical Staves
 y - a staff of fire
Jewellery
 t - an amulet of reflection (around neck)
 z - a ring of see invisible (left hand)
 E - a +6 ring of dexterity (right hand)
Wands
 h - a wand of iceblast (4)
 l - a wand of flame (18)
 w - a wand of charming (7)
 C - a wand of polymorph (3)
Scrolls
 j - 2 scrolls of silence
 m - 2 scrolls of amnesia
 p - 3 scrolls of poison
 v - a scroll of noise
 A - a scroll of fear {unknown}
 B - 3 scrolls of identify
 D - a scroll of magic mapping
Potions
 b - 2 potions of magic
 c - a potion of degeneration
 e - 2 potions of heal wounds
 g - 2 potions of invisibility {unknown}
 i - 4 potions of might
 n - a potion of berserk rage
 q - 2 potions of lignification {unknown}
 r - 2 potions of cancellation {unknown}
 s - 4 potions of flight {unknown}
 x - a potion of ambrosia {unknown}
 F - a potion of attraction {unknown}


   Skills:
 + Level 11.0 Fighting
 + Level 11.9 Long Blades
 - Level 2.3 Dodging
 - Level 1.7 Stealth
 - Level 10.0 Shields
 - Level 6.5 Spellcasting


You couldn't memorise any spells.
You knew the following spells:

 Your Spells              Type           Power      Damage    Failure   Level
a - Freeze                Ice            100%       1d10      1%          1
b - Frozen Ramparts       Ice            72%        1d11      3%          3
c - Ozocubu's Armour      Ice            36%        N/A       3%          3
d - Summon Ice Beast      Ice/Summ       36%        N/A       13%         4
e - Sting                 Tmut/Pois      100%       1d8       1%          1
f - Ensorcelled Hibernat  Hex/Ice        72%        N/A       1%          2
g - Inner Flame           Hex/Fire       36%        N/A       3%          3
h - Anguish               Hex/Necr       18%        N/A       13%         4
i - Sticky Flame          Conj/Fire      36%        2d6       13%         4
j - Summon Forest         Summ/Tloc      18%        N/A       34%         5
Your spell library was empty.

Dungeon Overview and Level Annotations

Branches:
Dungeon (10/15)            Temple (1/1) D:7            Lair (3/5) D:9
  Snake (0/4) Lair:2          Orc (0/2) D:10         Bailey (visited)
  Swamp: Lair:2-3    Shoals: Lair:2-3

Altars:
Ashenzari
Cheibriados
Dithmenos
Elyvilon
Fedhas
Gozag
Hepliaklqana
Makhleb
Nemelex Xobeh
Okawaru
Qazlal
Ru
Trog
Uskayaw
Wu Jian
Xom
Yredelemnul
Zin
The Shining One

Shops:
D:6 *   D:7 (   D:8 !   D:9 =   D:10 [

Annotations:
Lair:1 1 runed translucent door, bmack86's ghost, journeyman MiFi


Innate Abilities, Weirdness & Mutations

You are immune to sickness and miasma.
You are immune to poison.
Your flesh is very heat resistant. (rF++)
You are vulnerable to cold. (rC-)
You float through the air rather than walking.
You learn spells naturally, not from books.
Your magical power is your life essence.
You have superior vitality. (+4 MHP)


Message History

Unknown command.
You swap places.
Something bites your ice beast.
Something bites your ice beast but does no damage.
Something bites your ice beast!
Something bites your ice beast but does no damage.
Something bites your ice beast! Something bites your ice beast.
Your ice beast dies!
Your ice beast disappears in a puff of smoke!
Casting: Anguish (dangerous; 13% risk of failure)
Confirm with . or Enter, or press ? or * to list all spells.
Okay, then.
Casting: Anguish (dangerous; 13% risk of failure)
Confirm with . or Enter, or press ? or * to list all spells.
Okay, then.
Casting: Anguish (dangerous; 13% risk of failure)
Confirm with . or Enter, or press ? or * to list all spells.
Aiming: Sticky Flame (dangerous; 13% risk of failure)
Press: ? - help, Shift-Dir - straight line, f - seven-headed hydra
Aim: a seven-headed hydra (heavily wounded)
The sticky flame hits the seven-headed hydra.
The seven-headed hydra is heavily wounded.
The seven-headed hydra is covered in liquid flames!
The seven-headed hydra burns!
You block the seven-headed hydra's attack.
The seven-headed hydra barely misses you.
You block the seven-headed hydra's attack.
The seven-headed hydra bites you!
The seven-headed hydra barely misses you. x2
You block the seven-headed hydra's attack.
The seven-headed hydra bites you!
* * * LOW HITPOINT WARNING * * *
The seven-headed hydra closely misses you.
The seven-headed hydra bites you!
* * * LOW HITPOINT WARNING * * *
The seven-headed hydra bites you.
* * * LOW HITPOINT WARNING * * *
The seven-headed hydra bites you.
* * * LOW HITPOINT WARNING * * *
The seven-headed hydra bites you!
You die...

#. .....P. ♣.P#.. #..
.....#.#♣ ♣# ##. #...# ...
...♣ ♣ #.. ###..#.###.# ...
♣.###P. ...#.. #.#..##..#
♣...... ..#...##.§...#..#
♣#..... .........§#..#..#
♣###P. .........[#D...## ♣♣
##. ##......##§#@...# #♣.
###.. #P..#....###.....##..
#.#.# ###..#....#....PP....
###... #
#P..#.....#...PP...###.....
..##..#.........###..........
..............##. ###........
.#...P.........### ##....##..
.........###.....###..######.
#........###............# #


You could see a seven-headed hydra (burning).

Vanquished Creatures
  Gastronok (Lair:3)
  A hydra (Lair:2)
  Harold (Lair:2)
  A two-headed ogre (D:9)
  Sonja (Lair:3)
  A manticore (D:10)
  5 elephants (Lair:2)
  3 black mambas
  A komodo dragon (Lair:3)
  A kobold demonologist (D:10)
  A tengu conjurer (D:9)
  A polar bear (Lair:2)
  A vampire (D:10)
  31 yaks
  A wyvern (D:9)
  4 vampire mosquitoes (D:9)
  A steam dragon (Lair:3)
  8 water moccasins
  An acid dragon (D:10)
  3 orc warriors
  2 black bears
  4 wolves (Lair:2)
  A centaur (D:9)
  2 phantoms (D:5)
  A kobold brigand (D:9)
  9 bullfrogs
  A necrophage (D:6)
  A gnoll sergeant (D:6)
  A scorpion (D:5)
  11 wights
  13 killer bees (D:8)
  6 electric eels (Lair:1)
  3 hounds
  2 orc priests
  A jelly (D:5)
  5 iguanas
  8 orc wizards
  11 adders
  15 gnolls
  A shadow imp (D:7)
  An ufetubus (D:5)
  3 worms
  A dart slug (D:1)
  28 orcs
  9 ball pythons
  6 endoplasms
  8 giant cockroaches
  8 goblins
  6 hobgoblins
  4 jackals (D:3)
  3 quokkas
  7 bats
  3 frilled lizards
  17 kobolds
  6 rats
276 creatures vanquished.

Vanquished Creatures (collateral kills)
  A kobold demonologist (D:10)
  6 yaks
  A water moccasin (Lair:2)
  An ice beast (D:7)
  A black bear (D:9)
  A wolf (Lair:1)
  2 kobold brigands
  2 bullfrogs
  A scorpion (D:9)
  A wight (D:8)
  2 orcs (D:10)
  7 kobolds
26 creatures vanquished.

Vanquished Creatures (others)
  An elephant (Lair:2)
  A shadow (D:9)
  A wyvern (D:9)
  A yak (Lair:1)
  5 wights
  21 fungi
  36 plants
66 creatures vanquished.

Grand Total: 368 creatures vanquished

Notes
Turn   | Place    | Note
-------+----------+-------------------------------------------
     0 | D:1      | billz999 the Djinni Ice Elementalist began the quest for
                  | the Orb.
     0 | D:1      | billz999 set off with the following spells memorised:
                  | Freeze, Frozen Ramparts, Ozocubu's Armour, Summon Ice
                  | Beast.
     0 | D:1      | Reached XP level 1. HP: 15/15 MP: 0/0
   217 | D:1      | Reached XP level 2. HP: 17/21 MP: 0/0
   580 | D:1      | Reached skill level 1 in Long Blades
   698 | D:1      | Reached XP level 3. HP: 26/26 MP: 0/0
   698 | D:1      | Learned a level 1 spell: Sting
  1355 | D:2      | Reached skill level 1 in Fighting
  1366 | D:2      | Reached XP level 4. HP: 19/32 MP: 0/0
  2106 | D:2      | Reached XP level 5. HP: 36/37 MP: 0/0
  2106 | D:2      | Learned a level 2 spell: Ensorcelled Hibernation
  2800 | D:3      | Found a faded altar of an unknown god.
  3354 | D:3      | Reached XP level 6. HP: 37/43 MP: 0/0
  3876 | D:4      | Noticed a black bear
  3883 | D:4      | Killed a black bear
  3948 | D:4      | HP: 2/67 [gnoll/+1 spear of venom (5)]
  4216 | D:4      | Found a sparkling altar of Nemelex Xobeh.
  4258 | D:4      | Reached XP level 7. HP: 45/49 MP: 0/0
  4258 | D:4      | Learned a level 3 spell: Inner Flame
  5233 | D:5      | Entered Level 5 of the Dungeon
  6023 | D:5      | Reached skill level 5 in Long Blades
  6023 | D:5      | Reached skill level 1 in Shields
  6023 | D:5      | Reached XP level 8. HP: 58/58 MP: 0/0
  6355 | D:5      | Found a bloodstained altar of Trog.
  6598 | D:6      | Found an opulent altar of Gozag.
  6602 | D:6      | Found Gozag's Platinum Reserve.
  7404 | D:7      | Noticed a yak
  7418 | D:7      | Killed a yak
  7419 | D:7      | Reached XP level 9. HP: 22/63 MP: 0/0
  7419 | D:7      | Learned a level 4 spell: Anguish
  7585 | D:7      | Found Yzaxo's Weapon Shoppe.
  7680 | D:7      | Found a shimmering altar of Xom.
  7681 | D:7      | Found a shimmering altar of Xom.
  7682 | D:7      | Found a shimmering altar of Xom.
  7683 | D:7      | Found a shimmering altar of Xom.
  7683 | D:7      | Found a shimmering altar of Xom.
  8103 | D:7      | Reached skill level 5 in Fighting
  8371 | D:7      | Found a staircase to the Ecumenical Temple.
  8377 | Temple   | Entered the Ecumenical Temple
  8708 | Temple   | Became a worshipper of Makhleb the Destroyer
  8953 | D:8      | Reached skill level 5 in Shields
  9195 | D:8      | Found Rukkyoc's Distillery.
  9201 | D:8      | Bought a potion of curing for 33 gold pieces
  9223 | D:8      | Found an iron altar of Okawaru.
  9288 | D:8      | Found a flagged portal.
  9437 | Bailey   | Entered a bailey
  9659 | Bailey   | Noticed a nameless horror
  9663 | Bailey   | Noticed a nameless horror
  9808 | D:8      | Reached * piety under Makhleb
 10072 | D:8      | Found an ornate altar of the Wu Jian Council.
 10393 | D:8      | Reached XP level 10. HP: 49/72 MP: 0/0
 11127 | D:9      | Found a glowing silver altar of Zin.
 11578 | D:9      | Found Adasha's Jewellery Boutique.
 11773 | D:9      | Reached ** piety under Makhleb
 12444 | D:9      | Reached XP level 11. HP: 55/78 MP: 0/0
 12444 | D:9      | Learned a level 4 spell: Sticky Flame
 12637 | D:9      | Noticed a two-headed ogre
 12653 | D:9      | Killed a two-headed ogre
 12654 | D:9      | Reached skill level 10 in Shields
 12811 | D:9      | Found a staircase to the Lair.
 13071 | D:9      | Reached skill level 5 in Spellcasting
 13277 | D:10     | Entered Level 10 of the Dungeon
 13324 | D:10     | Found Ulooq's Antique Armour Emporium.
 13460 | D:10     | Found a broken altar of Ashenzari.
 13769 | D:10     | Noticed a manticore
 13786 | D:10     | Killed a manticore
 13920 | D:10     | HP: 3/78 [orc warrior/bolt (8)]
 14216 | D:10     | HP: 2/79 [yak (9)]
 14219 | D:10     | Reached *** piety under Makhleb
 14754 | D:10     | Found a staircase to the Orcish Mines.
 15014 | Lair:1   | Entered Level 1 of the Lair of Beasts
 15287 | Lair:1   | Reached XP level 12. HP: 78/86 MP: 0/0
 15452 | Lair:1   | Found a runed translucent door.
 15453 | Lair:1   | Found a shimmering altar of Xom.
 15453 | Lair:1   | Noticed bmack86's ghost (journeyman MiFi)
 15454 | Lair:1   | Noticed a +1 flail of chaos
 16045 | Lair:2   | Noticed Harold
 16058 | Lair:2   | Killed Harold
 16059 | Lair:2   | Reached skill level 10 in Long Blades
 16307 | Lair:2   | Reached **** piety under Makhleb
 16564 | Lair:2   | Noticed an eight-headed hydra
 16577 | Lair:2   | Killed an eight-headed hydra
 16672 | Lair:2   | Reached skill level 10 in Fighting
 16701 | Lair:2   | Found a staircase to the Snake Pit.
 17308 | Lair:3   | Noticed Sonja
 17314 | Lair:3   | Killed Sonja
 17438 | Lair:3   | Reached XP level 13. HP: 64/97 MP: 0/0
 17438 | Lair:3   | Learned a level 5 spell: Summon Forest
 17778 | Lair:3   | Noticed Gastronok
 17778 | Lair:3   | Noticed a seven-headed hydra
 17805 | Lair:3   | Killed Gastronok
 17808 | Lair:3   | HP: 4/99 [seven-headed hydra (3)]
 17808 | Lair:3   | Slain by a seven-headed hydra

Illustrated notes

Levels and vault maps discovered:
D:1:      psy_arrival_conway, layout_loops_corners
D:2:      layout_basic
D:3:      layout_loops_ring, hellmonk_ecumenical_altar_lost_god, minivault_5,
          grunt_ministairs_8
D:4:      layout_basic, nemelex_xobeh_ov_fountains_minmay, vehumet_altar_wand_db
D:5:      layout_loops_ring, trog_book
D:6:      layout_basic, nicolae_gozag_zags_fifth_avenue
D:7:      layout_loops_ring, xom_shifter_show, temple_hall_moat, serial_shops,
          shop, st_stairs_4
D:8:      layout_loops_corners, nicolae_kikubaaqudgha_miasma_corner,
          okawaru_gym_becter, mainiacjoe_overflow_six_doors_small,
          enter_bailey_5, kennysheep_small_circle
D:9:      layout_stronghold, zin_scriptorium, grunt_lair_entry_orc_guard_hut,
          serial_shops, nicolae_shop_competitors_out_of_business,
          kennysheep_generic_room_4
D:10:     layout_roguey, cheibrodos_ashenzari_chains, orc_0_dummy, serial_shops,
          nicolae_shop_temple_entry_statues_fountains, interstate_on_off
Temple:   minmay_temple_forest_path
Lair:1:   layout_regular_city, serial_bayou, serial_bayou_lake_a,
          serial_bayou_shore_b, serial_bayou_pond_a, serial_bayou_pond_c,
          serial_bayou_pond_d, ebering_ghost_xom, st_stairs_8, minivault_11,
          minivault_25, amcnicky_mini_pool_medium
Lair:2:   layout_small_grid, minmay_snake_entry_six_corridors, uniq_harold
Lair:3:   layout_layer_cave, nicolae_swamp_entry_splash_gauntlet, special_room
          [special_room_mythical_zoo], lemuel_fruit_tree, uniq_sonja,
          uniq_gastronok

Skill      XL: |  1  2  3  4  5  6  7  8  9 10 11 12 13 |
---------------+----------------------------------------+-----
Long Blades    | 1 2 3 4 5 6 7 8 9 11 | 11.9
Fighting       | 1 2 3 4 5 6 8 10 11 | 11.0
Spellcasting   | 4 6 |  6.5
Shields        | 1 4 6 9 10 | 10.0
Dodging        | |  2.3
Stealth        | |  1.7

Action                   |  1- 3 |  4- 6 |  7- 9 | 10-12 | 13-15 || total
-------------------------+-------+-------+-------+-------+-------++-------
Melee: Long sword        |    16 |    13 |    45 |   106 |     5 ||   185
       Punch             |       |       |     2 |     2 |       ||     4
 Cast: Freeze            |    39 |    32 |    70 |    46 |       ||   187
       Sting             |     4 |    52 |    97 |    83 |     3 ||   239
       Frozen Ramparts   |     1 |    18 |    47 |    49 |     3 ||   118
       Ozocubu's Armour  |       |     1 |     2 |     9 |       ||    12
       Ensorcelled Hiber |       |     2 |     1 |    10 |       ||    13
       Summon Ice Beast  |       |       |    11 |    38 |     3 ||    52
       Inner Flame       |       |       |     1 |    23 |     2 ||    26
       Anguish           |       |       |     7 |    15 |     2 ||    24
       Sticky Flame      |       |       |       |    30 |     4 ||    34
Evoke: Wand              |       |       |    19 |    14 |       ||    33
  Use: Scroll            |     3 |     6 |     8 |     6 |       ||    23
       Potion            |       |     1 |       |     8 |       ||     9
 Stab: Sleeping          |     2 |       |     2 |     3 |       ||     7
       Invisible         |       |       |     2 |     1 |       ||     3
       Distracted        |       |       |       |     1 |       ||     1
Armor: Robe              |     2 |     6 |    20 |    22 |       ||    50
Dodge: Dodged            |    27 |    19 |    62 |    81 |     5 ||   194
Block: Other             |       |       |    20 |    30 |       ||    50
       Reflection        |       |       |     3 |     1 |       ||     4
       Kite shield       |       |       |       |    64 |     7 ||    71

Table legend: (Time is in decaauts)
 A = Elapsed time spent in this place.
 B = Non-inter-level travel time spent in this place.
 C = Inter-level travel time spent in this place.
 D = Time resting spent in this place.
 E = Time spent auto-exploring this place.
 F = Levels seen in this place.
 G = Mean time per level.
                   A        B        C        D        E       F      G
               +--------+--------+--------+--------+--------+-----+--------+
         Total |  17854 |  17165 |    689 |   2572 |  12364 |  15 | 1190.3 |
       Dungeon |  14538 |  13956 |    582 |   2083 |  10068 |  10 | 1453.8 |
        Temple |    377 |    307 |     70 |      0 |    284 |   1 |  377.0 |
          Lair |   2708 |   2672 |     36 |    278 |   2012 |   3 |  902.7 |
        Bailey |    229 |    229 |      0 |    211 |      0 |   1 |  229.0 |
               +--------+--------+--------+--------+--------+-----+--------+

Top non-repeatable levels by time:
     D:9: 2845 daAuts
     D:8: 1697 daAuts
    D:10: 1492 daAuts
     D:2: 1450 daAuts
     D:3: 1425 daAuts
     D:1: 1272 daAuts
  Lair:2: 1208 daAuts
     D:7: 1205 daAuts
     D:4: 1158 daAuts
     D:5: 1112 daAuts
  Lair:1: 910 daAuts
     D:6: 879 daAuts
  Lair:3: 590 daAuts
  Temple: 377 daAuts
  Bailey: 229 daAuts
